 Dungeon Crawl Stone Soup version 0.28.0-53-g5a82cb258f (webtiles) character file.

Game seed: 12395599915279820388

668 MalarOregon the Grasshopper (level 7, -1/58 HPs)
             Began as a Palentonga Warper on June 15, 2022.
             Slain by an ogre
             ... wielding a +0 giant club
              (13 damage)
             ... on level 5 of the Dungeon.
             The game lasted 00:18:20 (6082 turns).

MalarOregon the Grasshopper (Palentonga Warper)     Turns: 6082, Time: 00:18:21

Health: -1/58      AC: 24    Str: 16    XL:     7   Next: 32%
Magic:  0/13       EV:  9    Int: 15    God:
Gold:   120        SH:  0    Dex: 10    Spells: 6/14 levels left

rFire   . . .      SeeInvis +   p - +2 dagger (protect)
rCold   . . .      Faith    .   (no shield)
rNeg    + . .      Spirit   .   u - +2 robe {rN+}
rPois   .          Reflect  .   (no helmet)
rElec   .          Harm     .   o - +0 cloak
rCorr   .          Rampage  .   s - +2 pair of gloves
Will    .....                   (no barding)
Stlth   +.........              (no amulet)
HPRegen 0.19/turn               (no ring)
MPRegen 0.13/turn               (no ring)

@: under a protective aura, curled up
A: large, rugged brown scales 3, see invisible, deformed body, roll 1, armoured
tail, reflexive curl, talons 1, strong 1
a: Rolling Charge


You were on level 5 of the Dungeon.
You visited 1 branch of the dungeon, and saw 5 of its levels.

You collected 120 gold pieces.


Innate Abilities, Weirdness & Mutations

You are completely covered in rugged brown scales. (AC +3, +7% HP)
You have supernaturally acute eyesight. (SInv)
Armour fits poorly on your strangely shaped body.
You can roll at nearby foes to attack.
You have a long armoured tail.
You curl defensively after being hit. (AC +7*)
You have sharp toenails.
Your muscles are strong. (Str +2)


   Skills:
 + Level 4.4 Fighting
 - Level 2.0 Maces & Flails
 - Level 0.6 Throwing
 - Level 0.7 Armour
 - Level 1.5 Dodging
 + Level 4.1 Spellcasting
 * Level 6.4 Translocations


You had 6 spell levels left.
You knew the following spells:

 Your Spells              Type           Power      Damage    Failure   Level
a - Gell's Gravitas       Tloc           22%        N/A       3%          3
b - Blink                 Tloc           44%        N/A       1%          2
c - Teleport Other        Tloc           22%        N/A       3%          3

Your spell library contained the following spells:

 Spells                   Type           Power      Damage    Failure   Level
 Lesser Beckoning         Tloc           22%        N/A       3%          3
 Foxfire                  Conj/Fire      12%        2x1d4     19%         1
 Manifold Assault         Tloc           22%        N/A       34%         5
 Conjure Flame            Conj/Fire      3%         6-21      47%         3
 Inner Flame              Hex/Fire       3%         N/A       47%         3
 Flame Wave               Conj/Fire      3%         2d4       87%         4

Inventory:

Hand Weapons
 p - a +2 dagger of protection (weapon)
   (You found it on level 2 of the Dungeon)
Missiles
 d - 5 boomerangs of dispersal (quivered) {!f}
 k - 7 boomerangs
 q - 6 poisoned darts
Armour
 o - a +0 cloak (worn)
   (You found it on level 2 of the Dungeon)
 s - a +2 pair of gloves (worn)
   (You found it on level 3 of the Dungeon)
 u - a +2 robe of positive energy (worn)
   (You took it off Jessica on level 3 of the Dungeon)
Scrolls
 f - 2 scrolls of brand weapon {unknown}
 g - a scroll of amnesia {unknown}
 h - a scroll of fog {unknown}
 j - a scroll of acquirement {unknown}
 n - a scroll of enchant weapon {unknown}
 t - a scroll of immolation {unknown}
Potions
 a - a potion of haste {@q3}
 b - a potion of lignification {unknown}
 e - 3 potions of mutation {!q}
 i - 2 potions of curing {unknown}
 l - a potion of heal wounds {unknown}
 m - a potion of attraction {unknown}
 r - 2 potions of invisibility {unknown}

Dungeon Overview and Level Annotations

Branches:
Dungeon (5/15)
 Temple: D:4-7

Altars:
Cheibriados
Dithmenos
Hepliaklqana

Shops:
D:2 [   D:3 (

Annotations:
D:4 Dowan, Duvessa

##..#. #.#.# # #g #...
.##.#.# ##. #. #..###..#o#
#..## g## #..#...#.# #.#..
..# #..###..#.#.#.. ##.# #.#
#....o##.#.#.# ....# #.#
#...#.# #.#o# .#..> #.##
#.....###ooO###[...# #.(#
#..###o..#.#@..# #.# ##.#
#..###.#.#.#.#.###.# #.#
#...##...###...##..######.##.
#.#...............)))........
#.####.#####....#############
#................##
############......########
#.............##
##..≈≈≈≈≈≈≈≈≈..#


You could see an ogre, an orc priest, an orc wizard (invisible) and an orc.


Message History

No target in view!
No target in view!
An orc comes into view. It is wielding a +0 hand axe.
The orc shouts!
An orc is nearby!
An orc is nearby!
You hit the orc but do no damage.
Your weapon exudes an aura of protection.
Your kick misses the orc. The orc hits you with a +0 hand axe.
You hit the orc but do no damage. Your kick misses the orc.
The orc barely misses you.
You barely miss the orc. Your kick misses the orc.
The orc hits you but does no damage.
You closely miss the orc. The orc closely misses you.
You hit the orc. Your kick misses the orc.
You tail-slap the orc, but do no damage.
The orc barely misses you.
You completely miss the orc. You claw the orc.
You tail-slap the orc, but do no damage.
The orc hits you with a +0 hand axe.
You hit the orc but do no damage. You claw the orc, but do no damage.
The orc barely misses you.
You closely miss the orc. The orc hits you with a +0 hand axe.
You hit the orc.
You kill the orc!
Things that are here:
a +0 hand axe; a +0 ring mail; an orc corpse No target in view!
No target in view!
Key pressed, stopping explore.
An ogre comes into view. It is wielding a +0 giant club.
An ogre is nearby!
An ogre is nearby!
The ogre shouts!
You hear a shout! x3
An orc priest and an orc wizard come into view.
The orc priest is wielding a +0 dagger of venom.
The orc priest shouts!
The orc wizard shouts!
Casting: Teleport Other (dangerous; 3% risk of failure)
Confirm with . or Enter, or press ? or * to list all spells.
Aiming: Gell's Gravitas (dangerous; 3% risk of failure)
Press: ? - help, Dir - move target, f - orc wizard
Aim: an orc wizard, wielding a +0 dagger and wearing a +0 robe Gravity reorients around the orc wizard.
The orc priest collides with the orc wizard!
The orc priest calls upon Beogh to heal the orc wizard.
The orc wizard's wounds heal themselves!
Casting: Gell's Gravitas (dangerous; 3% risk of failure)
Confirm with . or Enter, or press ? or * to list all spells.
Aiming: Gell's Gravitas (dangerous; 3% risk of failure)
Press: ? - help, Dir - move target, f/p - orc wizard
Aim: an orc wizard, wielding a +0 dagger and wearing a +0 robe Gravity reorients around the orc wizard.
The orc priest collides with the orc wizard!
An orc priest comes into view. It is wielding a +0 whip.
Casting: Gell's Gravitas (dangerous; 3% risk of failure)
Confirm with . or Enter, or press ? or * to list all spells.
Aiming: Gell's Gravitas (dangerous; 3% risk of failure)
Press: ? - help, Dir - move target, f/p - orc wizard
Aim: an orc wizard, wielding a +0 dagger and wearing a +0 robe (lightly wounded) Gravity reorients around the orc wizard.
The ogre collides with the orc wizard!
Something collides with the orc wizard!
Casting: Gell's Gravitas (dangerous; 3% risk of failure)
Confirm with . or Enter, or press ? or * to list all spells.
Aiming: Gell's Gravitas (dangerous; 3% risk of failure)
Press: ? - help, Dir - move target, f/p - orc wizard
Aim: an orc wizard, wielding a +0 dagger and wearing a +0 robe Gravity reorients around the orc wizard.
The ogre collides with the orc wizard!
The orc priest collides with the orc wizard!
The orc priest collides with the orc priest!
The orc wizard mumbles some strange words.
The orc wizard flickers and vanishes for a moment.
The orc priest looks braver for a moment.
An orc comes into view. It is wielding a +0 whip.
The orc shouts!
Okay, then.
Unknown command.
Unknown command.
Casting: Gell's Gravitas (dangerous; 3% risk of failure)
Confirm with . or Enter, or press ? or * to list all spells.
Aiming: Teleport Other (dangerous; 3% risk of failure)
Press: ? - help, Shift-Dir - straight line, f/p - orc wizard
Aim: an orc wizard, wielding a +0 dagger and wearing a +0 robe (lightly wounded, slightly transparent, chance to affect: 62%)
The ogre resists with significant effort.
The ogre hits you with a +0 giant club!
You hit the ogre.
Your weapon exudes an aura of protection.
You tail-slap the ogre. You hit the ogre.
The ogre hits you with a +0 giant club!
You hit the ogre. You claw the ogre. The ogre hits you with a +0 giant club!
* * * LOW HITPOINT WARNING * * *
You hit the ogre but do no damage. Your kick misses the ogre.
The orc priest invokes the aid of Beogh against you.
Beogh smites you!
* * * LOW HITPOINT WARNING * * *
The ogre hits you but does no damage.
You hit the ogre. Your kick misses the ogre. You tail-slap the ogre.
You hit the ogre.
Your tail-slap misses the ogre.
The ogre hits you with a +0 giant club!
You die...

Skill      XL: |  1  2  3  4  5  6  7 |
---------------+----------------------+-----
Translocations | 4 5 6 |  6.4
Fighting       | 3 4 |  4.4
Spellcasting   | 3 4 |  4.1
Maces & Flails | |  2.0
Throwing       | |  0.6
Armour         | |  0.7
Dodging        | |  1.5

Action                   |  1- 3 |  4- 6 |  7- 9 || total
-------------------------+-------+-------+-------++-------
Melee: Mace              |    46 |       |       ||    46
       Tailslap          |    11 |    50 |     5 ||    66
       Punch             |     2 |     4 |     1 ||     7
       Dagger            |    63 |   312 |    41 ||   416
       Kick              |       |    22 |    17 ||    39
 Cast: Gell's Gravitas   |     1 |    13 |     4 ||    18
       Teleport Other    |       |     1 |     1 ||     2
 Abil: Rolling Charge    |     2 |    14 |       ||    16
  Use: Scroll            |       |     4 |       ||     4
       Potion            |       |     2 |       ||     2
Armor: Leather armour    |    44 |    69 |       ||   113
       Robe              |       |   141 |    23 ||   164
Dodge: Dodged            |    37 |   129 |    13 ||   179

Levels and vault maps discovered:
D:1:      eino_arrival_tree_alley, layout_rooms, nrook_mini_backslash
D:2:      layout_loops_cross, serial_shops, shop, minmay_misc_feat_nine_boxes,
          palyth_stone_intersect, minmay_close_crescents, uniq_natasha,
          uniq_terence
D:3:      minmay_general_purpose_star, layout_basic, mainiacjoe_overflow_paths,
          nicolae_hepliaklqana_hippocampus, serial_shops, nicolae_shop_trees,
          serial_undead, serial_undead_c, serial_undead_c, serial_undead_c,
          serial_undead_d, dreamdust_ecumenical_altar_angels_and_demons,
          minmay_misc_feat_columns, uniq_jessica
D:4:      layout_layer_cave, uniq_duvessa
D:5:      layout_rooms, mainiacjoe_overflow_brackets,
          nicolae_tso_besieged_by_evil, minmay_temple_entry_large_hall,
          serial_shops, nicolae_shop_waterfront, minmay_starry_boxes,
          uniq_grinder

Notes
Turn   | Place    | Note
-------+----------+-------------------------------------------
     0 | D:1      | MalarOregon the Palentonga Warper began the quest for the
                  | Orb.
     0 | D:1      | Reached XP level 1. HP: 17/17 MP: 3/3
   294 | D:1      | Reached XP level 2. HP: 17/23 MP: 5/5
   471 | D:1      | Learned a level 2 spell: Blink
  1317 | D:2      | Reached XP level 3. HP: 14/29 MP: 6/6
  1493 | D:1      | Learned a level 3 spell: Gell's Gravitas
  1632 | D:2      | Noticed Terence
  1669 | D:2      | Killed Terence
  1670 | D:2      | Reached skill level 4 in Translocations
  1723 | D:2      | Reached XP level 4. HP: 36/36 MP: 3/7
  2219 | D:2      | Noticed Natasha
  2224 | D:2      | Killed Natasha
  2314 | D:2      | Found Cieguot's Antique Armour Boutique.
  2410 | D:2      | Noticed Natasha
  2412 | D:2      | Killed Natasha
  2413 | D:2      | Reached skill level 3 in Fighting
  2436 | D:2      | Reached XP level 5. HP: 21/43 MP: 9/9
  2485 | D:2      | Noticed Natasha
  2493 | D:2      | Killed Natasha
  2494 | D:2      | Reached skill level 3 in Spellcasting
  3086 | D:2      | Found Cieguot's Antique Armour Boutique.
  3271 | D:3      | Found a hazy altar of Hepliaklqana.
  3345 | D:3      | Found a snail-covered altar of Cheibriados.
  3370 | D:3      | You pick up a book of Flames and begin reading...
  3370 | D:3      | You add the spells Foxfire, Conjure Flame, Inner Flame and
                  | Flame Wave to your library.
  3396 | D:3      | Learned a level 3 spell: Teleport Other
  3779 | D:3      | Found Yfacvafe's Antique Weapon Shop.
  3952 | D:3      | Found a faded altar of an unknown god.
  3952 | D:3      | Noticed Jessica
  3958 | D:3      | Killed Jessica
  3959 | D:3      | Reached skill level 5 in Translocations
  4430 | D:4      | Noticed Dowan
  4431 | D:4      | Noticed Duvessa
  4476 | D:4      | HP: 9/43 [Dowan/+0 dagger (3)]
  4510 | D:4      | Reached XP level 6. HP: 13/50 MP: 2/10
  5396 | D:4      | HP: 6/51 [orc priest/+0 flail (7)]
  5397 | D:5      | Entered Level 5 of the Dungeon
  5398 | D:5      | HP: 2/51 [orc priest/+0 flail (4)]
  5399 | D:5      | Gained mutation: You have sharp toenails. [potion of
                  | mutation]
  5399 | D:5      | Gained mutation: Your muscles are strong. (Str +2) [potion
                  | of mutation]
  5647 | D:5      | Reached skill level 4 in Fighting
  5647 | D:5      | Reached skill level 6 in Translocations
  5650 | D:5      | HP: 12/51 [black bear (2)]
  5653 | D:5      | Gained mutation: You curl defensively after being hit. (AC
                  | +7*) [Palentonga growth]
  5653 | D:5      | Reached XP level 7. HP: 13/57 MP: 10/12
  5656 | D:5      | Reached skill level 4 in Spellcasting
  5952 | D:5      | Found a shadowy altar of Dithmenos.
  6080 | D:5      | HP: 11/58 [orc priest/divine providence (14)]
  6082 | D:5      | Slain by an ogre

Vanquished Creatures
  A black bear (D:5)
  2 scorpions
  A hound (D:5)
  An orc priest (D:4)
  Jessica (D:3)
  A centaur skeleton (D:5)
  An iguana (D:5)
  Terence (D:2)
  Natasha (thrice) (D:2)
  2 hound zombies
  A hound skeleton (D:4)
  A howler monkey zombie (D:5)
  6 adders
  A white imp (D:4)
  An adder skeleton (D:3)
  2 adder zombies (D:3)
  4 worms
  A dart slug (D:3)
  11 orcs
  7 endoplasms
  4 giant cockroaches
  5 goblins
  4 hobgoblins
  3 jackals (D:4)
  4 quokkas
  5 ball pythons
  A ball python skeleton (D:3)
  A ball python zombie (D:3)
  2 bats
  4 frilled lizards
  8 kobolds
  A quokka skeleton (D:3)
  8 rats
99 creatures vanquished.

Table legend:
 A = Non-vault XP
 B = Vault XP
 C = Vault XP percentage of total XP
 D = Non-vault monster count
 E = Vault monster count
 F = Vault count percentage of total count
                 A         B        C        D         E       F
            +---------+---------+-------+---------+---------+-------
      Total |     513 |     442 |  46.3 |      78 |      21 |  21.2
            +---------+---------+-------+---------+---------+-------
        D:1 |      24 |       0 |   0.0 |      17 |       0 |   0.0
        D:2 |     110 |      99 |  47.4 |      17 |       7 |  29.2
        D:3 |      37 |      92 |  71.3 |      14 |      10 |  41.7
        D:4 |     208 |       0 |   0.0 |      20 |       0 |   0.0
        D:5 |     134 |     251 |  65.2 |      10 |       4 |  28.6
            +---------+---------+-------+---------+---------+-------

Illustrated notes

Table legend:
 A = Kills in this place as a percentage of kills in entire the game.
 B = Kills by you in this place as a percentage of kills by you in the entire game.
 C = Kills by friends in this place as a percentage of kills by friends in the entire game.
 D = Other kills in this place as a percentage of other kills in the entire game.
 E = Experience gained in this place as a percentage of experience gained in the entire game.
 F = Experience gained in this place divided by the number of levels of this place that you have seen.
                   A       B       C       D       E      F
               +-------+-------+-------+-------+-------+----------------------
         Total | 100.0 | 100.0 |   N/A |   N/A | 100.0 | 191.0
       Dungeon | 100.0 | 100.0 |   N/A |   N/A | 100.0 | 191.0
               +-------+-------+-------+-------+-------+----------------------

Table legend: (Time is in decaauts)
 A = Elapsed time spent in this place.
 B = Non-inter-level travel time spent in this place.
 C = Inter-level travel time spent in this place.
 D = Time resting spent in this place.
 E = Time spent auto-exploring this place.
 F = Levels seen in this place.
 G = Mean time per level.
                   A        B        C        D        E       F      G
               +--------+--------+--------+--------+--------+-----+--------+
         Total |   6088 |   5753 |    335 |   1511 |   3158 |   5 | 1217.6 |
       Dungeon |   6088 |   5753 |    335 |   1511 |   3158 |   5 | 1217.6 |
               +--------+--------+--------+--------+--------+-----+--------+

Top non-repeatable levels by time:
     D:2: 2117 daAuts
     D:3: 1183 daAuts
     D:1: 1110 daAuts
     D:4: 1010 daAuts
     D:5: 665 daAuts
